 Dungeon Crawl Stone Soup version 0.21-a0-508-gf08a75f (webtiles) character file.

52 Laiders the Ogre Mage (level 3, 0/31 HPs)
             Began as an Ogre Wizard on Nov 28, 2017.
             Slain by Terence
             ... wielding a +0 flail
              (5 damage)
             ... on level 2 of the Dungeon.
             The game lasted 00:06:51 (2601 turns).

Laiders the Ogre Mage (Ogre Wizard)                 Turns: 2601, Time: 00:06:51

Health: 0/31       AC:  3    Str:  9 (11) XL:     3   Next: 85%
Magic:  2/8        EV:  9    Int: 18 (20) God:
Gold:   87         SH:  0    Dex:  5 (7)  Spells: 2/10 levels left

rFire    . . .     SeeInvis .   p - +1 dagger
rCold    . . .     Gourm    .   (no shield)
rNeg     . . .     Faith    .   a - +0 robe
rPois    .         Spirit   .   b - +0 hat
rElec    .         Reflect  .   (no cloak)
rCorr    .         Harm     .   (gloves unavailable)
MR       .....                  (boots unavailable)
Stlth    +.........             (no amulet)
HPRegen  0.10/turn              (no ring)
MPRegen  0.11/turn              (no ring)

@: no status effects
A: large, unfitting armour, tough skin 1
a: no special abilities


You were on level 2 of the Dungeon.
You were not hungry.

You visited 1 branch of the dungeon, and saw 2 of its levels.

You collected 87 gold pieces.

Inventory:

Hand Weapons
 p - a +1 dagger (weapon)
Armour
 a - a +0 robe (worn)
 b - a +0 hat (worn)
Scrolls
 j - a scroll of enchant weapon
 l - a scroll of amnesia
Potions
 e - a potion of haste {unknown}
Books
 c - a book of Minor Magic

   Spells                             Type                      Level
   a - Magic Dart                     Conjuration                  1
   b - Blink                          Translocation                2
   c - Call Imp                       Summoning                    2
   d - Slow                           Hexes                        2
   e - Conjure Flame                  Conjuration/Fire             3
   f - Mephitic Cloud                 Conjuration/Poison/Air       3
Comestibles
 d - a bread ration
 f - a royal jelly
 g - a fruit
 i - a meat ration


   Skills:
 - Level 2.0 Dodging
 - Level 1.6 Stealth
 + Level 4.4 Spellcasting
 + Level 2.0 Conjurations
 - Level 0.8 Summonings
 - Level 0.8 Translocations


You had 2 spell levels left.
You knew the following spells:

 Your Spells              Type           Power        Failure   Level  Hunger
a - Magic Dart            Conj           ##..         6%          1    None
b - Call Imp              Summ           #.......     16%         2    ##.....
c - Blink                 Tloc           N/A          16%         2    ##.....
d - Mephitic Cloud        Conj/Pois/Air  #.......     32%         3    ###....


Dungeon Overview and Level Annotations

Branches:
Dungeon (2/15)

Altars:

Annotations:
D:2 Terence


Innate Abilities, Weirdness & Mutations

You are too large for most types of armour.
You have tough skin. (AC +1)


Message History

Confirm with . or Enter, or press ? or * to list all spells.
Aiming: Magic Dart
Press: ? - help, Shift-Dir - straight line, f/p - Terence
Aim: Terence, wielding a flail and wearing a chain mail (moderately wounded)
The magic dart hits Terence.
Terence is heavily wounded.
The frilled lizard hisses angrily.
Casting: Magic Dart
Confirm with . or Enter, or press ? or * to list all spells.
Aiming: Magic Dart
Press: ? - help, Shift-Dir - straight line, f/p - Terence
Aim: Terence, wielding a flail and wearing a chain mail (heavily wounded)
The magic dart hits Terence.
Terence is heavily wounded.
Terence hits you with a flail! Terence hits you with a flail!
* * * LOW HITPOINT WARNING * * *
As you open the door, it creaks loudly! Terence hits you with a flail.
You die...

...
....#.#.############.###
..
........................
##.
.........#.......###)###
...#######+##.#.#####.#
###...........#.#<# #.#
รท.'...........#.#.###.#
###.............#.....#
..<.........l...########
.#(............@@.......
.#.#+##.##......########
.........'......+
.#.#....##......#
..(.((..##......#
...#....#####+###
...#....# ##.#..#.#
##.#..#..#


You could see Terence and a frilled lizard.

Vanquished Creatures
  An adder (D:2)
  2 oozes (D:1)
  2 dart slugs (D:1)
  5 goblins
  4 hobgoblins (D:1)
  4 jackals
  A kobold (D:1)
  4 bats
  4 frilled lizards (D:1)
  4 rats
31 creatures vanquished.

Vanquished Creatures (collateral kills)
  2 jackals (D:2)
  A rat (D:2)
3 creatures vanquished.

Grand Total: 34 creatures vanquished

Notes
Turn   | Place    | Note
-------+----------+-------------------------------------------
     0 | D:1      | Laiders the Ogre Wizard began the quest for the Orb.
     0 | D:1      | Reached XP level 1. HP: 16/16 MP: 5/5
    56 | D:1      | Reached skill level 1 in Conjurations
   105 | D:1      | Reached XP level 2. HP: 16/24 MP: 1/6
   752 | D:1      | Reached skill level 4 in Spellcasting
   873 | D:1      | Reached XP level 3. HP: 28/31 MP: 8/8
  1832 | D:2      | Noticed Terence
  1836 | D:2      | Learned a level 2 spell: Call Imp
  1839 | D:2      | Learned a level 2 spell: Blink
  1843 | D:2      | Learned a level 3 spell: Mephitic Cloud
  2601 | D:2      | Slain by Terence

Vault maps used:
D:1:      dpeg_arrival_lava_temple_mockup, minmay_gold_behind_fungi
D:2:      uniq_robin, uniq_terence

Skill      XL: |  1  2  3 |
---------------+----------+-----
Conjurations   | 1 2 |  2.0
Dodging        | 2 |  2.0
Spellcasting   | 4 |  4.4
Stealth        | |  1.6
Summonings     | |  0.8
Translocations | |  0.8

Action                   || total
-------------------------++-------
Melee: Unarmed           ||   178
       Dagger            ||    17
 Cast: Magic Dart        ||    41
       Call Imp          ||     8
       Blink             ||     2
  Use: Scroll            ||     5
       Potion            ||     2
  Eat: Chunk             ||     4
       Fruit             ||     2
Armor: Robe              ||    71
Dodge: Dodged            ||   125

Table legend:
 A = Spawn XP
 B = Non-spawn XP
 C = Spawn XP percentage of total XP
 D = Spawn monster count
 E = Non-spawn monster count
 F = Spawn count percentage of total count
 G = Total turns spent on level
                    A         B        C        D         E        F      G
               +---------+---------+-------+---------+---------+-------+---------
         Total |       0 |      75 |   0.0 |       0 |      34 |   0.0 |  2601
               +---------+---------+-------+---------+---------+-------+---------
           D:1 |       0 |      54 |   0.0 |       0 |      25 |   0.0 |  2265
           D:2 |       0 |      21 |   0.0 |       0 |       9 |   0.0 |   336
               +---------+---------+-------+---------+---------+-------+---------
